 Dungeon Crawl Stone Soup version 0.31-a0-237-g2d982f9f85 (webtiles) character file.

Game seed: 12856408753644721923

71 qw the Shooter (level 4, -2/36 HPs)
             Began as a Minotaur Hexslinger on July 10, 2023.
             Slain by a kobold
             ... wielding a +0 dagger of electrocution
              (18 damage)
             ... on level 2 of the Dungeon.
             The game lasted 00:00:28 (768 turns).

qw the Shooter (Minotaur Hexslinger)                 Turns: 768, Time: 00:00:29

Health: -2/36      AC:  6    Str: 12    XL:     4   Next: 5%
Magic:  4/4        EV: 11    Int: 10    God:
Gold:   100        SH:  0    Dex: 15    Spells: 4/5 levels left

rFire   . . .        Y - +1 sling
rCold   . . .        (no shield)
rNeg    . . .        g - +0 ring mail
rPois   .            (helmet restricted)
rElec   .            (no cloak)
rCorr   .            e - +0 pair of gloves
SInv    .            (no boots)
Will    .....        (no amulet)
Stlth   +            (no ring)
HPRegen 0.26/turn    (no ring)
MPRegen 0.09/turn

%: no passive effects
@: no status effects
A: horns 2, retaliatory headbutt
a: no special abilities


You were on level 2 of the Dungeon.
You visited 1 branch of the dungeon, and saw 2 of its levels.

You collected 100 gold pieces.


Innate Abilities, Weirdness & Mutations

You have a pair of horns on your head.
You reflexively headbutt those who attack you in melee.


   Skills:
 - Level 2.0 Fighting
 + Level 4.4 Ranged Weapons
 - Level 1.0 Armour
 - Level 2.1 Dodging
 - Level 1.0 Spellcasting
 - Level 2.0 Hexes


You had 4 spell levels left.
You knew the following spells:

 Your Spells              Type           Power      Damage    Failure   Level
a - Slow                  Hex            16%        N/A       34%         1

Your spell library contained the following spells:

 Spells                   Type           Power      Damage    Failure   Level
 Inner Flame              Hex/Fire       2%         N/A       83%         3
 Portal Projectile        Hex/Tloc       4%         N/A       83%         3
 Cause Fear               Hex            2%         N/A       98%         4

Inventory:

Hand Weapons
 Y - a +1 sling (weapon)
Armour
 e - a +0 pair of gloves (worn)
 g - a +0 ring mail (worn)
Scrolls
 a - a scroll of identify
Potions
 b - a potion of degeneration {unknown}
 c - a potion of cancellation {unknown}
 d - a potion of mutation {unknown}
 f - a potion of haste {unknown}
 i - a potion of attraction {unknown}

Dungeon Overview and Level Annotations

Branches:
Dungeon (2/15)

Altars:


Message History

You now have 100 gold pieces (gained 2).
Items here: % ( ) [.
There is a stone staircase leading down here.
You see here a quokka corpse.
You see here a quokka corpse.
Items here: %% ( ).
Found a faded altar of an unknown god.
Enter note:
Enter note:
Enter note: A kobold comes into view.
It is wielding a +0 dagger of electrocution.
Found a book of Misfortune.
Enter note:
Enter note:
Enter note: You shoot a sling bullet.
The sling bullet barely misses the kobold.
The kobold throws a stone.
The stone barely misses you.
You shoot a sling bullet.
The sling bullet barely misses the kobold.
You shoot a sling bullet. The sling bullet hits the kobold.
The kobold is moderately wounded.
The kobold throws a stone.
The stone hits you.
You shoot a sling bullet.
The sling bullet barely misses the kobold.
You shoot a sling bullet.
The sling bullet closely misses the kobold.
You shoot a sling bullet.
The sling bullet hits the kobold but does no damage.
The kobold hits you with a +0 dagger of electrocution.
You shoot a sling bullet.
The sling bullet closely misses the kobold.
The kobold barely misses you.
You shoot a sling bullet.
The sling bullet barely misses the kobold.
The kobold hits you but does no damage.
You are electrocuted!
The kobold hits you with a +0 dagger of electrocution.
You are electrocuted!!
Ouch! That really hurt!
You die...

####.. .. ...... ###
#.## #####.. ... #.#.
#.......... ... ...
#..####.... ####.###.#
#..# #.### :........#
#..# # # ......._.# #..#
# ......K@.# #..# ## #
.........#####..####.#.#
...........)%>).....#...
...........####.##.###..
...........####.#.## ##.
.............##.##.###.#
....................#.(#
#.##.####.##...........%
#......###.#.##..##.#


You could see a kobold.

Vanquished Creatures
  Jessica (D:2)
  A worm (D:2)
  A dart slug (D:1)
  3 ball pythons
  2 endoplasms (D:1)
  2 giant cockroaches
  5 goblins
  4 hobgoblins (D:1)
  5 kobolds
  3 quokkas
  6 bats
  A frilled lizard (D:1)
  3 rats (D:1)
37 creatures vanquished.

Notes
Turn   | Place    | Note
-------+----------+-------------------------------------------
     0 | D:1      | qw the Minotaur Hexslinger began the quest for the Orb.
     0 | D:1      | Reached XP level 1. HP: 16/16 MP: 1/1
     0 | D:1      | 0 ||| qw: Version: 0.3-a-52-g30416fa
     0 | D:1      | 0 ||| qw: Game counter: 5105
     0 | D:1      | 0 ||| qw: Melee chars always use a shield: true
     0 | D:1      | 0 ||| qw: God list: Okawaru
     0 | D:1      | 0 ||| qw: Allow faded altars: false
     0 | D:1      | 0 ||| qw: Do Orc after clearing Dungeon:15 true
     0 | D:1      | 0 ||| qw: Do second Lair branch before Depths: true
     0 | D:1      | 0 ||| qw: Lair rune preference: random
     0 | D:1      | 0 ||| qw: Goals: Normal
     0 | D:1      | 0 ||| PLANNING D:1-11
    50 | D:1      | Reached skill level 3 in Ranged Weapons
    52 | D:1      | Reached XP level 2. HP: 23/23 MP: 2/2
   132 | D:1      | 132 ||| FLEEEEING.
   420 | D:1      | 420 ||| UPGRADING to +0 pair of gloves.
   425 | D:1      | 425 ||| UPGRADING to +0 ring mail.
   435 | D:1      | 435 ||| DROPPING +0 robe.
   436 | D:1      | 436 ||| READING scroll labelled VOIPLI WIOLUTA.
   437 | D:1      | 437 ||| READING scroll labelled NABLUM JAAFRUS.
   441 | D:1      | 441 ||| DROPPING scroll of poison.
   464 | D:2      | Noticed Jessica
   472 | D:2      | Reached XP level 3. HP: 29/29 MP: 3/3
   476 | D:2      | Killed Jessica
   477 | D:2      | Reached skill level 4 in Ranged Weapons
   649 | D:2      | Reached skill level 1 in Armour
   718 | D:2      | Reached XP level 4. HP: 36/36 MP: 4/4
   741 | D:2      | Found a faded altar of an unknown god.
   768 | D:2      | Slain by a kobold

Levels and vault maps discovered:
D:1:      saegor_arrival_simple_c, layout_rooms, minmay_misc_feat_diagonals
D:2:      minmay_razor_zed, layout_loops_ring, basic_ecumenical_altar,
          uniq_jessica

Skill      XL: |  1  2  3 |
---------------+----------+-----
Ranged Weapons | 3 4 |  4.4
Fighting       | 2 |  2.0
Armour         | 1 |  1.0
Dodging        | |  2.1
Spellcasting   | |  1.0
Hexes          | |  2.0

Action                     |  1- 3 |  4- 6 || total
---------------------------+-------+-------++-------
   Fire: Sling             |    93 |    17 ||   110
    Use: Scroll            |     2 |       ||     2
 Armour: Ring mail         |     6 |     1 ||     7
         Robe              |     3 |       ||     3
  Dodge: Dodged            |    29 |     4 ||    33

Table legend:
 A = Non-vault XP
 B = Vault XP
 C = Vault XP percentage of total XP
 D = Non-vault monster count
 E = Vault monster count
 F = Vault count percentage of total count
                 A         B        C        D         E       F
            +---------+---------+-------+---------+---------+-------
      Total |      65 |      37 |  36.3 |      36 |       1 |   2.7
            +---------+---------+-------+---------+---------+-------
        D:1 |      39 |       0 |   0.0 |      22 |       0 |   0.0
        D:2 |      26 |      37 |  58.7 |      14 |       1 |   6.7
            +---------+---------+-------+---------+---------+-------
